 Dungeon Crawl Stone Soup version 0.29.1-1-gd02db6906a (webtiles) character file.

Game seed: 2756454300358930717

770 RogueRain17 the Skirmisher (level 7, -1/53 HPs)
             Began as a Demonspawn Hunter on Oct 2, 2022.
             Slain by Duvessa
             ... wielding a +0 short sword
              (7 damage)
             ... on level 5 of the Dungeon.
             The game lasted 00:11:17 (4724 turns).

RogueRain17 the Skirmisher (Demonspawn Hunter)      Turns: 4724, Time: 00:11:18

Health: -1/53      AC:  6    Str: 11    XL:     7   Next: 52%
Magic:  7/7        EV: 12    Int: 10    God:
Gold:   294        SH:  0    Dex: 19    Spells: 6/6 levels left

rFire   . . .      SeeInvis .   a - +0 shortbow
rCold   . . .      Faith    .   (shield currently unavailable)
rNeg    . . .      Spirit   .   c - +0 leather armour
rPois   .          Reflect  .   (helmet restricted)
rElec   .          Harm     .   (no cloak)
rCorr   .          Rampage  .   r - +0 pair of gloves
Will    .....                   (no boots)
Stlth   +.........              (no amulet)
HPRegen 0.17/turn               (no ring)
MPRegen 0.10/turn               (no ring)

@: lit by a corona, about to teleport, glowing
A: antennae 1, molten scales 1, powered by pain 2
a: no special abilities


You were on level 5 of the Dungeon.
You visited 1 branch of the dungeon, and saw 5 of its levels.

You collected 294 gold pieces.

Inventory:

Hand Weapons
 a - a +0 shortbow (weapon)
Armour
 c - a +0 leather armour (worn)
 r - a +0 pair of gloves (worn)
Jewellery
 o - a ring of magical power
 p - an amulet of magic regeneration
Wands
 d - a wand of mindburst (4)
 q - a wand of flame (27)
Scrolls
 b - 2 scrolls of immolation
 e - a scroll of noise
 f - 3 scrolls of identify
 g - 2 scrolls of enchant armour
 i - a scroll of magic mapping
 j - a scroll of teleportation
 m - a scroll of vulnerability {unknown}
 s - a scroll of fog {unknown}
Potions
 h - 2 potions of degeneration {unknown}
 k - 2 potions of flight {unknown}
 l - a potion of invisibility {unknown}
 n - a potion of ambrosia {unknown}
 t - a potion of mutation {unknown}
 u - a potion of lignification {unknown}


   Skills:
 + Level 3.7 Fighting
 * Level 8.0 Ranged Weapons
 - Level 1.7 Dodging
 - Level 0.8 Stealth


You had 6 spell levels left.
You didn't know any spells.
Your spell library was empty.

Dungeon Overview and Level Annotations

Branches:
Dungeon (5/15)
 Temple: D:4-7

Altars:

Shops:
D:2 *

Annotations:
D:3 2 transporters, chamandro's ghost, amateur TeAE
D:4 Pikel
D:5 Dowan; Duvessa


Innate Abilities, Weirdness & Mutations

You have a pair of small antennae on your head.
You are partially covered in molten scales. (AC +2)
You sometimes gain power by taking damage.


Message History

Dowan blinks!
Duvessa hits you but does no damage.
Dowan gestures wildly while chanting.
Dowan blinks!
There is an open door here.
Duvessa attacks as you move away!
Duvessa hits you with a +0 short sword. x2
Dowan mumbles some strange words.
Dowan blinks!
Aiming: Mindburst
Press: ? - help, Shift-Dir - straight line, f/p - Duvessa
Aim: Duvessa, wielding a +0 short sword and wearing a +0 leather armour (severely wounded, fast, chance to affect: 47%) Duvessa resists with some effort.
Duvessa hits you with a +0 short sword.
Dowan gestures wildly while chanting.
Dowan blinks!
That's the wrong kind of item! (Use * to select it.) Evoke which item? (* to show all) (? for menu, Esc to quit)
You don't have any such object.
Evoke which item? (* to show all) (? for menu, Esc to quit)
You don't have any such object.
Evoke which item? (* to show all) (? for menu, Esc to quit)
Okay, then.
Aiming: Mindburst
Press: ? - help, Shift-Dir - straight line, f/p - Duvessa
Aim: Duvessa, wielding a +0 short sword and wearing a +0 leather armour (severely wounded, fast, chance to affect: 47%) Duvessa resists with some effort.
Duvessa hits you with a +0 short sword. Duvessa hits you with a +0 short sword!
* * * LOW HITPOINT WARNING * * *
Dowan mumbles some strange words.
Dowan blinks!
Aiming: Mindburst
Press: ? - help, Shift-Dir - straight line, f/p - Duvessa
Aim: Duvessa, wielding a +0 short sword and wearing a +0 leather armour (severely wounded, fast, chance to affect: 47%) Duvessa resists with some effort.
Duvessa barely misses you.
Dowan gestures wildly while chanting.
Dowan blinks!
As you read the scroll of teleportation, it crumbles to dust.
You feel strangely unstable. Duvessa hits you with a +0 short sword.
* * * LOW HITPOINT WARNING * * *
Duvessa hits you with a +0 short sword!
You die...

#.#.#
#.#.########
#.#.#......#
#....ยง.....+
###.#......#
#........#
###......#
###e#### #@#
#.# #.# #.#
#.# #.# ..#
###


You could see Duvessa (fast).

Vanquished Creatures
  Sigmund (D:5)
  A kobold brigand (D:5)
  A gnoll sergeant (D:3)
  2 gnoll boudas (D:4)
  An orc wizard (D:5)
  Natasha (D:2)
  An iguana (D:4)
  17 gnolls
  7 adders
  4 worms
  6 dart slugs
  11 orcs
  8 endoplasms
  3 giant cockroaches
  4 goblins
  4 hobgoblins
  7 jackals
  11 kobolds
  4 quokkas
  5 ball pythons
  3 bats
  3 frilled lizards
  6 rats
111 creatures vanquished.

Notes
Turn   | Place    | Note
-------+----------+-------------------------------------------
     0 | D:1      | RogueRain17 the Demonspawn Hunter began the quest for the
                  | Orb.
     0 | D:1      | Reached XP level 1. HP: 16/16 MP: 1/1
   192 | D:1      | Reached skill level 4 in Ranged Weapons
   194 | D:1      | Gained mutation: You have a pair of small antennae on your
                  | head. [demonic ancestry]
   194 | D:1      | Reached XP level 2. HP: 22/22 MP: 2/2
   501 | D:1      | Found a faded altar of an unknown god.
   751 | D:2      | Reached XP level 3. HP: 27/27 MP: 3/3
   841 | D:2      | Found Kecwesm's Assorted Antiques.
  1190 | D:2      | Noticed Natasha
  1193 | D:2      | Killed Natasha
  1194 | D:2      | Reached skill level 5 in Ranged Weapons
  1194 | D:2      | Gained mutation: You are partially covered in molten
                  | scales. (AC +2) [demonic ancestry]
  1194 | D:2      | Reached XP level 4. HP: 33/33 MP: 4/4
  1683 | D:3      | Found a transporter.
  1683 | D:3      | Noticed chamandro's ghost (amateur TeAE)
  1795 | D:3      | Found a transporter.
  1995 | D:3      | Gained mutation: You sometimes gain a little power by
                  | taking damage. [demonic ancestry]
  1995 | D:3      | Reached XP level 5. HP: 35/38 MP: 5/5
  2031 | D:3      | Reached skill level 6 in Ranged Weapons
  2740 | D:3      | Reached XP level 6. HP: 44/44 MP: 6/6
  3028 | D:4      | Noticed a sky beast
  3068 | D:4      | Reached skill level 7 in Ranged Weapons
  3514 | D:4      | HP: 1/46 [gnoll/+0 spear[a gnoll bouda] (3)]
  3814 | D:4      | Noticed Pikel
  3866 | D:5      | Entered Level 5 of the Dungeon
  4197 | D:5      | Gained mutation: You sometimes gain power by taking damage.
                  | [demonic ancestry]
  4197 | D:5      | Reached XP level 7. HP: 51/51 MP: 7/7
  4529 | D:5      | Noticed Sigmund
  4591 | D:5      | Killed Sigmund
  4592 | D:5      | Reached skill level 8 in Ranged Weapons
  4705 | D:5      | Noticed Duvessa
  4705 | D:5      | Noticed Dowan
  4724 | D:5      | Slain by Duvessa

Illustrated notes

Levels and vault maps discovered:
D:1:      minmay_arrival_doors, layout_loops_ring,
          shapermc_ecumenical_altar_acropolis
D:2:      layout_loops_cross, serial_shops, nicolae_diamond_shop,
          kennysheep_another_room, uniq_natasha
D:3:      layout_basic, gammafunk_ghost_arena, minmay_puff
D:4:      layout_gridville, old_standard_altar, okawaru_metal_pillars_1_2,
          temple_hall_moat, serial_co_window_serial, co_window_paths_b,
          co_window_paths_b, co_window_paths_a, co_window_paths_a,
          co_window_of_opportunity_a, co_window_broadway_b, co_window_2corner,
          co_window_unsneaky_path_b, co_window_2corner, co_window_corner_b,
          co_window_corner_cb, co_window_paths_e, glass_columns_c,
          glass_columns_c, glass_columns_a, glass_columns_a, glass_columns_b,
          uniq_pikel
D:5:      layout_basic, uniq_duvessa, uniq_blork_the_orc, uniq_sigmund

Skill      XL: |  1  2  3  4  5  6  7 |
---------------+----------------------+-----
Ranged Weapons | 4 5 6 7 8 |  8.0
Fighting       | 3 |  3.7
Dodging        | |  1.7
Stealth        | |  0.8

Action                   |  1- 3 |  4- 6 |  7- 9 || total
-------------------------+-------+-------+-------++-------
 Fire: Shortbow          |    91 |   233 |    54 ||   378
Evoke: Wand              |       |       |    11 ||    11
  Use: Scroll            |       |     6 |     2 ||     8
       Potion            |       |     3 |       ||     3
Armor: Leather armour    |     6 |    23 |    14 ||    43
Dodge: Dodged            |    21 |    84 |    25 ||   130
